 Dungeon Crawl Stone Soup version 0.28.0-53-g5a82cb258f (webtiles) character file.

Game seed: 13228182444092784963

75 KittyFluff the Cudgeller (level 4, -6/29 HPs)
             Began as a Gargoyle Berserker on June 14, 2022.
             Was a Follower of Trog.
             Mangled by Sigmund
             ... wielding a +0 scythe
              (7 damage)
             ... on level 2 of the Dungeon.
             The game lasted 00:05:32 (1442 turns).

KittyFluff the Cudgeller (Gargoyle Berserker)       Turns: 1442, Time: 00:05:32

Health: -6/29      AC:  5    Str: 20    XL:     4   Next: 31%
Magic:  4/4        EV: 12    Int:  8    God:    Trog [*.....]
Gold:   40         SH:  0    Dex: 11    Spells: 3/3 levels left

rFire   . . .      SeeInvis .   a - +0 mace
rCold   . . .      Faith    .   (no shield)
rNeg    + . .      Spirit   .   b - +0 animal skin
rPois   ∞          Reflect  .   (no helmet)
rElec   +          Harm     .   (no cloak)
rCorr   .          Rampage  .   (no gloves)
Will    .....                   (no boots)
Stlth   +.........              (no amulet)
HPRegen 0.09/turn               (no ring)
MPRegen 0.09/turn               (no ring)

@: on berserk cooldown, slowed, very slow
A: sickness immunity, AC +3, negative energy resistance 1, electricity
resistance, torment resistance 1, petrification resistance
a: Renounce Religion, Berserk


You were on level 2 of the Dungeon.
You worshipped Trog.
Trog was aware of your devotion.
You visited 1 branch of the dungeon, and saw 2 of its levels.

You collected 40 gold pieces.

Inventory:

Hand Weapons
 a - a +0 mace (weapon)
 h - a +0 spear
 n - a +0 hunting sling
Missiles
 c - a throwing net (quivered)
 g - 2 boomerangs of dispersal
 i - 25 bolts
 k - 23 stones
 l - 21 sling bullets
Armour
 b - a +0 animal skin (worn)
Magical Staves
 f - a staff of poison
Jewellery
 e - a ring of fire
Scrolls
 j - a scroll of identify {unknown}
 o - a scroll of immolation
Potions
 d - a potion of ambrosia {unknown}
 m - 3 potions of degeneration {unknown}


   Skills:
 + Level 3.7 Fighting
 + Level 3.9 Maces & Flails
 * Level 2.9 Armour
 + Level 1.7 Dodging
 + Level 1.0 Stealth
 * Level 0.3 Evocations


You had 3 spell levels left.
You didn't know any spells.
Your spell library was empty.

Dungeon Overview and Level Annotations

Branches:
Dungeon (2/15)

Altars:

Annotations:
D:2 Sigmund


Innate Abilities, Weirdness & Mutations

You are immune to sickness and miasma.
Your stone body is resilient. (AC +3)
You are immune to poison.
You resist negative energy. (rN+)
You are resistant to electric shocks. (rElec)
You are resistant to unholy torment.
You are immune to petrification.


Message History

You feel as though you will be slow longer.
Sigmund mumbles some strange words.
Sigmund flickers and vanishes!
Deactivating autopickup; reactivate with Ctrl-A.
Natasha closely misses you.
You barely miss Natasha.
Natasha is severely wounded.
Something completely misses you. Natasha claws you.
You hit Natasha but do no damage.
Natasha is severely wounded.
Natasha stares at you and mumbles some strange words.
You resist with significant effort. Something hits you!
You thump Natasha!
You kill Natasha!
Trog accepts your kill.
Trog appreciates your killing of a magic user.
Natasha screams in pain as she dies!
You have reached level 4!
You feel clever.
A goblin comes into view. It is wielding a +0 dagger.
The goblin shouts!
Something hits you!
You barely miss something. Something hits you.
* * * LOW HITPOINT WARNING * * *
You barely miss something.
A rat comes into view.
Something hits you!
* * * LOW HITPOINT WARNING * * *
A dart slug comes into view.
You miss something.
A bat comes into view.
The bat moves out of view.
You sock something! You punch something!
You are no longer berserk.
You are exhausted.
You feel as though you will be slow longer.
Something hits you.
* * * LOW HITPOINT WARNING * * *
You sock something! Something hits you!
You die...

. ...... #. ....w.
#.######......
#.^.......[...
#.............
+.........r#
#...[.{g...#
#.....@....#
#..........#
##+####..........#
#.........########
#.........#
#......<..######
#.........##...#####
#.........##...#...#
#.........##.......#


You could see a dart slug, a goblin and a rat.

Vanquished Creatures
  Natasha (twice) (D:2)
  An adder (D:2)
  2 ball pythons (D:1)
  4 bats
  An endoplasm (D:1)
  A goblin (D:2)
  A hobgoblin (D:1)
  2 quokkas (D:1)
  2 kobolds (D:1)
16 creatures vanquished.

Notes
Turn   | Place    | Note
-------+----------+-------------------------------------------
     0 | D:1      | KittyFluff the Gargoyle Berserker began the quest for the
                  | Orb.
     0 | D:1      | Reached XP level 1. HP: 14/14 MP: 1/1
   240 | D:1      | Found a faded altar of an unknown god.
   564 | D:1      | Reached XP level 2. HP: 15/19 MP: 2/2
  1289 | D:2      | Reached XP level 3. HP: 20/23 MP: 3/3
  1359 | D:2      | Noticed Natasha
  1364 | D:2      | Killed Natasha
  1365 | D:2      | Reached skill level 1 in Stealth
  1422 | D:2      | Noticed Natasha
  1427 | D:2      | Noticed Sigmund
  1436 | D:2      | Killed Natasha
  1437 | D:2      | Reached XP level 4. HP: 24/29 MP: 4/4
  1439 | D:2      | HP: 2/43 [something (9)]
  1442 | D:2      | Mangled by Sigmund

Illustrated notes

Levels and vault maps discovered:
D:1:      dpeg_arrival_boxorama, layout_loops_ring,
          hellmonk_ecumenical_altar_blasted, supply_closet_lemuel
D:2:      layout_basic, uniq_natasha, uniq_sigmund, uniq_crazy_yiuf_cottage

Skill      XL: |  1  2  3 |
---------------+----------+-----
Stealth        | 1 |  1.0
Fighting       | |  3.7
Maces & Flails | |  3.9
Armour         | |  2.9
Dodging        | |  1.7
Evocations     | |  0.3

Action                   |  1- 3 |  4- 6 || total
-------------------------+-------+-------++-------
Melee: Mace              |    54 |     5 ||    59
       Punch             |       |     1 ||     1
Invok: Berserk           |     1 |       ||     1
 Stab: Sleeping          |     1 |       ||     1
Armor: Animal skin       |    22 |       ||    22
Dodge: Dodged            |    31 |       ||    31
